 Dungeon Crawl Stone Soup version 0.27.1-33-g824d729ab1 (webtiles) character file.

Game seed: 46653493186852106

54 potato4science the Sneak (level 3, 0/22 HPs)
             Began as an Octopode Hedge Wizard on Dec 17, 2021.
             Slain by an orc (5 damage)
             ... on level 3 of the Dungeon.
             The game lasted 00:10:16 (2655 turns).

potato4science the Sneak (Octopode Hedge Wizard)    Turns: 2655, Time: 00:10:17

Health: 0/22       AC:  1    Str:  9    XL:     3   Next: 91%
Magic:  5/7        EV: 13    Int: 23    God:
Gold:   97         SH:  0    Dex: 11    Spells: 7/8 levels left

rFire    . . .     SeeInvis .   a - +0 dagger
rCold    . . .     Faith    .   (no shield)
rNeg     . . .     Spirit   .   b - +0 hat
rPois    .         Reflect  .   (no amulet)
rElec    .         Harm     .   i - +6 ring of intelligence
rCorr    .         Rampage  .   (no ring)
Will     .....                  (no ring)
Stlth    ++++......             (no ring)
HPRegen  0.07/turn              (no ring)
MPRegen  0.10/turn              (no ring)
                                (no ring)
                                (no ring)

@: no status effects
A: almost no armour, amphibious, 8 rings, camouflage 1, gelatinous body 1,
(nimble swimmer 1), tentacles
a: no special abilities


You were on level 3 of the Dungeon.
You visited 1 branch of the dungeon, and saw 3 of its levels.

You collected 97 gold pieces.

Inventory:

Hand Weapons
 a - a +0 dagger (weapon)
Armour
 b - a +0 hat (worn)
Jewellery
 c - a ring of fire
 i - a +6 ring of intelligence (left tentacle)
Scrolls
 d - 2 scrolls of enchant weapon {unknown}
 f - a scroll of holy word {unknown}
 h - a scroll of identify {unknown}
 j - a scroll of acquirement {unknown}
 k - a scroll of enchant armour {unknown}
Potions
 e - a potion of curing {unknown}
 g - a potion of berserk rage {unknown}


   Skills:
 * Level 0.7 Fighting
 - Level 1.0 Short Blades
 - Level 2.0 Dodging
 + Level 5.2 Stealth
 - Level 3.0 Spellcasting
 - Level 1.0 Conjurations
 - Level 1.0 Summonings
 - Level 1.0 Translocations


You had 7 spell levels left.
You knew the following spells:

 Your Spells              Type           Power      Damage    Failure   Level
a - Magic Dart            Conj           32%        1d4       8%          1

Your spell library contained the following spells:

 Spells                   Type           Power      Damage    Failure   Level
 Blink                    Tloc           N/A        N/A       12%         2
 Call Imp                 Summ           8%         N/A       12%         2
 Slow                     Hex            3%         N/A       17%         2
 Gell's Gravitas          Tloc           4%         N/A       22%         3
 Lesser Beckoning         Tloc           4%         N/A       22%         3
 Teleport Other           Tloc           8%         N/A       22%         3
 Conjure Flame            Conj/Fire      5%         6-21      28%         3
 Mephitic Cloud           Conj/Pois/Air  4%         N/A       30%         3


Dungeon Overview and Level Annotations

Branches:
Dungeon (3/15)

Altars:
Hepliaklqana


Innate Abilities, Weirdness & Mutations

You cannot wear most types of armour.
You are amphibious.
You can wear up to eight rings at the same time.
Your skin changes colour to match your surroundings (Stealth+).
Your rubbery body absorbs attacks. (AC +1, EV +1)
((You are camouflaged near water. (Stealth+)))
You have tentacles for arms and can constrict up to eight enemies at once.


Message History

Aim: an orc, wielding a +0 flail and wearing a +0 leather armour (moderately wounded, 100% to hit)
The magic dart hits the orc but does no damage.
The orc is moderately wounded.
You hit the orc but do no damage. Your grab misses the orc.
The orc is moderately wounded.
The orc barely misses you.
You hit the orc but do no damage. Your grab misses the orc.
The orc is moderately wounded.
The orc hits you with a +0 flail. The orc misses you.
You hit the orc but do no damage. Your grab misses the orc.
You squeeze the orc.
The orc is severely wounded.
The orc closely misses you. The orc misses you.
You hit the orc but do no damage. Your grab misses the orc.
The orc closely misses you. x2
Your magical contamination has completely faded away.
You hit the orc. Your grab misses the orc. Your squeeze misses the orc.
The orc is lightly wounded.
The orc barely misses you.
You hit the orc. Your grab misses the orc.
The orc is severely wounded.
The orc hits you with a +0 hand axe. The orc closely misses you.
You closely miss the orc. You grab the orc.
The orc is severely wounded.
You constrict the orc. The orc hits you but does no damage.
The orc barely misses you.
You closely miss the orc. Your grab misses the orc. You squeeze the orc.
You kill the orc!
You constrict the orc.
You kill the orc!
You closely miss the orc. Your grab misses the orc.
The orc hits you with a +0 hand axe.
You hit the orc. You grab the orc.
The orc is lightly wounded.
You constrict the orc. The orc hits you with a +0 hand axe.
* * * LOW HITPOINT WARNING * * *
You hit the orc.
The orc is heavily wounded.
You constrict the orc. The orc hits you with a +0 hand axe.
You die...

####### #.....# . #.....#
.## #.....# ... #.)...#
#.#.##.. #@o...# #......#
#####.# #.#.##.# #.#
#.#.##.# #####
#o#####.#.##.# ##.
##...###...o...#.##.#
#...#.......)...)..#.##..
#........#.##.##o.......
.#.#)....#.##.##.##.##..
##...##.##.......##..


You could see an orc.

Vanquished Creatures
  A worm (D:2)
  3 dart slugs (D:1)
  3 orcs (D:3)
  3 bats
  3 endoplasms (D:1)
  2 goblins
  6 hobgoblins
  5 quokkas
  7 ball pythons
  A frilled lizard (D:2)
  4 kobolds
38 creatures vanquished.

Notes
Turn   | Place    | Note
-------+----------+-------------------------------------------
     0 | D:1      | potato4science the Octopode Hedge Wizard began the quest
                  | for the Orb.
     0 | D:1      | Reached XP level 1. HP: 11/11 MP: 4/4
   114 | D:1      | Reached skill level 3 in Stealth
   496 | D:1      | Reached XP level 2. HP: 17/17 MP: 6/6
   521 | D:1      | Reached skill level 4 in Stealth
   850 | D:1      | Reached XP level 3. HP: 14/21 MP: 4/7
  1092 | D:1      | Reached skill level 5 in Stealth
  1139 | D:1      | Found a faded altar of an unknown god.
  2138 | D:3      | Reached skill level 1 in Short Blades
  2549 | D:3      | Found a hazy altar of Hepliaklqana.
  2655 | D:3      | Slain by an orc

Illustrated notes

Levels and vault maps discovered:
D:1:      dpeg_arrival_pits, layout_basic,
          dreamdust_ecumenical_altar_angels_and_demons
D:2:      layout_loops_ring
D:3:      layout_loops_cross, mainiacjoe_overflow_concentric_impassable,
          minmay_misc_feat_nine_boxes

Skill      XL: |  1  2  3 |
---------------+----------+-----
Stealth        | 3 4 5 |  5.2
Short Blades   | 1 |  1.0
Fighting       | |  0.7
Dodging        | |  2.0
Spellcasting   | |  3.0
Conjurations   | |  1.0
Summonings     | |  1.0
Translocations | |  1.0

Action                   || total
-------------------------++-------
Melee: Dagger            ||    61
       Constrict         ||    13
       Tentacles         ||    11
 Cast: Magic Dart        ||    37
 Stab: Sleeping          ||    12
Armor: Skin              ||     3
Dodge: Dodged            ||    41
